Description

Move your first OL near the enemy main, 2nd OL next to the natural.

Once the nydus is one, build the first one in the enemy main. Second in the natural/main depending on how the enemy deals with your first nydus.

Have the queen save up 50 energy to heal the nydus once she gets out(if needed)

Replay - World of Sleepers LE (786)

Build Order

Get SALT Encoding   

  12  0:01  Drone  
  13  0:13  Overlord  
  13  0:21  Drone  
  14  0:27  Extractor  
  13  0:31  Drone x2  
  15  0:39  Drone  
  16  0:46  Drone  
  17  0:55  Spawning Pool  
  16  1:19  Hatchery  
  16  1:21  Drone x2  
  16  1:30  Drone  
  18  1:42  Queen  
  18  1:46  Zergling x4  
  22  1:58  Extractor, Drone  
  22  2:05  Overlord  
  22  2:17  Roach Warren  
  21  2:26  Lair  
  25  2:54  Overlord  
  26  3:05  Roach x2  
  30  3:22  Roach x2  
  30  3:23  Glial Reconstitution  
  34  3:28  Roach  
  36  3:47  Roach x4  
  44  3:53  Overlord  
  44  4:05  Nydus Network  
  43  4:10  Overlord  
  43  4:23  Roach  
  55  4:47  Nydus Canal  
  55  5:17  Roach x2  
Spawning Tool Build Advisor. Get it on Overwolf

Go to:

Details

  • Created by: rederoin
  • Published on: Feb 02, 2020
  • Modified on: Feb 02, 2020
  • Patch: 4.11.0
Show
View Real Time Build Order
Export as new Build Order

Comments (0)

There are no comments. Be the first!

Create an account to comment!